 Dungeon Crawl Stone Soup version 0.30-a0-1053-gbd8d5ba0ad (webtiles) character file.

Game seed: 16561186416229916440

2852 voltaire321 the Trooper (level 9, 0/79 HPs)
             Began as a Minotaur Fighter on Apr 11, 2023.
             Was an Initiate of Gozag.
             Slain by Erica
             ... wielding a +4 scimitar of flaming
              (8 damage)
             ... on level 8 of the Dungeon.
             The game lasted 00:16:13 (6494 turns).

voltaire321 the Trooper (Minotaur Fighter)          Turns: 6494, Time: 00:16:14

Health: 0/79       AC: 11    Str: 31    XL:     9   Next: 46%
Magic:  8/8        EV: 10    Int:  5    God:    Gozag
Gold:   854        SH:  5    Dex: 10    Spells: 8/8 levels left

rFire   . . .      SeeInvis .    a - +0 war axe
rCold   . . .      Faith    .    c - +0 buckler
rNeg    . . .      Spirit   .    u - +0 chain mail
rPois   .          Reflect  .    (helmet restricted)
rElec   .          Rampage  .    (no cloak)
rCorr   .                        n - +0 pair of gloves
Will    .....                    (no boots) Stlth
                                 (no amulet)
HPRegen 0.33/turn                B - +6 ring of strength
MPRegen 0.11/turn                (no ring)

@: weak-willed, slowed, very slow
A: horns 2, retaliatory headbutt
a: Renounce Religion, Potion Petition, Call Merchant, Bribe Branch


You were on level 8 of the Dungeon.
You worshipped Gozag.
Gozag was pleased with you.
You visited 2 branches of the dungeon, and saw 9 of its levels.

You collected 907 gold pieces.
You paid 53 gold pieces to Gozag.

Inventory:

Hand Weapons
 a - a +0 war axe (weapon)
Missiles
 m - 3 javelins
 r - 2 boomerangs (quivered)
 A - 4 silver javelins
Armour
 c - a +0 buckler (worn)
 n - a +0 pair of gloves (worn)
 u - a +0 chain mail (worn)
Jewellery
 B - a +6 ring of strength (left hand)
Wands
 z - a wand of charming (15)
Scrolls
 e - a scroll of noise {unknown}
 f - 2 scrolls of amnesia {unknown}
 g - 2 scrolls of teleportation {unknown}
 j - a scroll of identify
 k - 2 scrolls of fog {unknown}
 l - 3 scrolls of enchant armour {unknown}
 p - 4 scrolls of immolation {unknown}
 q - 4 scrolls of vulnerability
 s - 2 scrolls of poison {unknown}
 t - 3 scrolls of fear {unknown}
 w - 3 scrolls of torment {unknown}
 x - 3 scrolls of magic mapping
 y - a scroll of brand weapon {unknown}
Potions
 b - 4 potions of mutation
 d - a potion of might
 h - 4 potions of curing
 i - a potion of magic
 o - a potion of haste
 v - 2 potions of flight
 C - a potion of heal wounds {unknown}


   Skills:
 + Level 7.3 Fighting
 + Level 6.7 Axes
 + Level 4.9 Throwing
 + Level 7.3 Armour
 + Level 5.6 Dodging
 + Level 7.2 Shields
 + Level 1.7 Evocations


You had 8 spell levels left.
You didn't know any spells.
Your spell library contained the following spells:

 Spells                   Type           Power      Damage    Failure   Level
 Beastly Appendage        Tmut           0%         N/A       93%         1
 Wereblood                Tmut           0%         N/A       98%         2
 Dazzling Flash           Conj/Hex       0%         N/A       100%        3
 Spider Form              Tmut/Pois      0%         N/A       100%        3
 Agony                    Necr           0%         N/A       100%        5
 Iskenderun's Battlesphe  Conj           0%         2d6       100%        5
 Silence                  Hex/Air        0%         N/A       100%        5
 Iron Shot                Conj/Erth      0%         9d1       100%        6
 Spellforged Servitor     Conj/Summ      0%         N/A       100%        7


Dungeon Overview and Level Annotations

Branches:
Dungeon (8/15)             Temple (1/1) D:4            Lair (0/5) D:8

Altars:
Ashenzari
Cheibriados
Dithmenos
Elyvilon
Fedhas
Gozag
Hepliaklqana
Kikubaaqudgha
Makhleb
Nemelex Xobeh
Qazlal
Ru
Trog
Vehumet
Wu Jian
Xom
Zin
The Shining One

Shops:
D:1 (

Annotations:
D:8 Erica


Innate Abilities, Weirdness & Mutations

You have a pair of horns on your head.
You reflexively headbutt those who attack you in melee.


Message History

a +0 hand axe; a +0 leather armour
Things that are here:
a +0 hand axe; a +0 leather armour
Things that are here:
a +2 dagger of electrocution; a +0 robe
Items here: ))) [.
Erica the Fiery-Tempered comes into view.
She is wielding a +4 scimitar of flaming and wearing a +2 robe of the Archmagi.
Found 2 scrolls of identify.
Erica shouts!
You hit Erica. You headbutt Erica, but do no damage.
Erica is lightly wounded.
Erica casts a spell at you.
You feel yourself slow down.
Erica hits you with a +4 scimitar of flaming!
Erica burns you.
You closely miss Erica. You headbutt Erica.
Erica is lightly wounded.
Erica hits you with a +4 scimitar of flaming.
Erica burns you.
You barely miss Erica. Your headbutt misses Erica.
Erica is lightly wounded.
Erica hits you with a +4 scimitar of flaming.
Erica burns you. Erica hits you but does no damage.
You hit Erica. Your headbutt misses Erica.
Erica is lightly wounded.
Erica hits you but does no damage.
Erica points at you and mumbles some strange words.
The lance of force hits you!!
You are knocked back by the lance of force.
You slam into the rock wall!
* * * LOW HITPOINT WARNING * * *
As you read the scroll labelled CIBROR PEUGI, it crumbles to dust.
Magic quickly surges around you.
It was a scroll of vulnerability.
As you read the scroll labelled IRENAFFA DALE, it crumbles to dust.
You feel aware of your surroundings.
It was a scroll of magic mapping.
Erica hits you with a +4 scimitar of flaming!
* * * LOW HITPOINT WARNING * * *
Erica burns you!
You die...
Your body crumbles into a pile of gold.

*,#.#.#....)...####.#.#..,#
*,#.#......##### *,#.#.###
*,#.###.#..# *,#.#...#
*,#.# #.#..# *,#<....#
*,#.# #.#..# *,#.#####
*,#.###.#..# *,#......
*,#.....#..# *,#######
*.#######..# *,*
*..?.....@@# *,*
*.########.# *,* *** #.#***
*,* #..,,*****,*
####,,,,,,,* *,*****,* ***
***


You could see Erica (weak-willed).

Vanquished Creatures
  Prince Ribbit (D:5)
  Sigmund (D:5)
  2 steam dragons (D:6)
  3 water moccasins
  A black bear (D:4)
  A sky beast (D:6)
  3 ogres
  2 phantoms
  3 bullfrogs
  2 kobold brigands (D:8)
  A gnoll sergeant (D:8)
  A scorpion (D:6)
  2 howler monkeys (D:7)
  2 hounds
  3 jellies
  3 orc priests
  A gnoll bouda (D:7)
  2 iguanas
  6 orc wizards
  Robin (D:3)
  12 gnolls
  9 adders
  3 white imps
  A worm (D:3)
  2 dart slugs (D:1)
  21 orcs
  5 endoplasms
  2 giant cockroaches
  12 goblins
  11 hobgoblins
  5 jackals (D:2)
  17 kobolds
  A quokka (D:4)
  9 ball pythons
  4 bats
  4 frilled lizards (D:1)
  6 rats
165 creatures vanquished.

Vanquished Creatures (others)
  7 plants (D:4)
  6 withered plants (D:3)
13 creatures vanquished.

Grand Total: 178 creatures vanquished

Notes
Turn   | Place    | Note
-------+----------+-------------------------------------------
     0 | D:1      | voltaire321 the Minotaur Fighter began the quest for the
                  | Orb.
     0 | D:1      | Reached XP level 1. HP: 19/19 MP: 0/0
    49 | D:1      | Found Huopra's Weapon Shoppe.
   237 | D:1      | Reached XP level 2. HP: 26/27 MP: 1/1
   578 | D:1      | Reached skill level 1 in Dodging
   817 | D:2      | Reached XP level 3. HP: 33/33 MP: 2/2
   946 | D:2      | Found a faded altar of an unknown god.
  1599 | D:3      | Reached XP level 4. HP: 40/40 MP: 3/3
  1658 | D:3      | Found a shimmering altar of Xom.
  1770 | D:3      | Reached skill level 1 in Throwing
  1825 | D:3      | Reached XP level 5. HP: 29/47 MP: 4/4
  2031 | D:3      | Noticed Robin
  2045 | D:3      | Killed Robin
  2065 | D:3      | Found an ancient bone altar of Kikubaaqudgha.
  2336 | D:3      | Reached XP level 6. HP: 50/53 MP: 5/5
  2394 | D:4      | Found a staircase to the Ecumenical Temple.
  2423 | Temple   | Entered the Ecumenical Temple
  2511 | Temple   | Became a worshipper of Gozag Ym Sagoz the Greedy
  2545 | D:4      | Reached skill level 5 in Fighting
  2656 | D:4      | Found a glowing golden altar of the Shining One.
  2656 | D:4      | Found a blossoming altar of Fedhas.
  2898 | D:5      | Entered Level 5 of the Dungeon
  2949 | D:5      | Noticed Sigmund
  2959 | D:5      | Killed Sigmund
  2960 | D:5      | Reached skill level 5 in Armour
  2960 | D:5      | Reached skill level 5 in Shields
  2960 | D:5      | Reached XP level 7. HP: 52/61 MP: 6/6
  2964 | D:5      | Identified the +10 trident of the Muttering Gods {chaos,
                  | rN+}
  3350 | D:5      | Noticed Prince Ribbit
  3369 | D:5      | Killed Prince Ribbit
  3455 | D:5      | Found a shadowy altar of Dithmenos.
  3562 | D:5      | Reached skill level 5 in Axes
  3966 | D:6      | Reached XP level 8. HP: 66/70 MP: 7/7
  4767 | D:6      | Found a white marble altar of Elyvilon.
  4861 | D:6      | Reached skill level 5 in Dodging
  4885 | D:6      | Found a burning altar of Makhleb.
  4899 | D:6      | Reached XP level 9. HP: 78/78 MP: 8/8
  4994 | D:6      | Found a broken altar of Ashenzari.
  6034 | D:8      | Reached skill level 1 in Evocations
  6487 | D:8      | Noticed Erica
  6494 | D:8      | Slain by Erica

Illustrated notes

Levels and vault maps discovered:
D:1:      sevenhm_arrival_forest_fort_small_6, layout_basic, serial_shops,
          nicolae_square_shop, grunt_decor_one_mirror, hangedman_decor_push,
          minmay_pentomino_x4
D:2:      layout_loops_ring, basic_ecumenical_altar,
          chequers_serial_rivers_large_a
D:3:      layout_basic, kiku_gazebo_garden_becter,
          mainiacjoe_overflow_six_doors_small, uniq_robin
D:4:      layout_gridville, gammafunk_temple_overflow_wave,
          minmay_temple_entry_wispy, chequers_mini_garden,
          guppyfry_early_lair_pool
D:5:      layout_gridville, nicolae_dithmenos_through_a_glass_darkly,
          uniq_prince_ribbit1, uniq_sigmund
D:6:      layout_loops_corners, overflow_temple_1_default,
          mainiacjoe_overflow_swirl
D:7:      layout_basic
D:8:      layout_basic, lair_entry_dummy, hangedman_abyss_or_decor_lesser_grid,
          uniq_erica
Temple:   compressed_dpeg_circular_temple

Skill      XL: |  1  2  3  4  5  6  7  8  9 |
---------------+----------------------------+-----
Dodging        | 1 2 3 4 5 |  5.6
Fighting       | 4 5 6 7 |  7.3
Shields        | 4 5 6 7 |  7.2
Armour         | 4 5 6 7 |  7.3
Axes           | 3 4 5 6 |  6.7
Throwing       | 1 2 3 4 |  4.9
Evocations     | 1 |  1.7

Action                     |  1- 3 |  4- 6 |  7- 9 || total
---------------------------+-------+-------+-------++-------
  Melee: War axe           |    64 |   103 |   174 ||   341
         Headbutt          |     5 |    18 |    33 ||    56
  Throw: Boomerang         |       |       |    17 ||    17
         Javelin           |       |       |     3 ||     3
    Use: Scroll            |       |     6 |     3 ||     9
         Potion            |       |     1 |       ||     1
   Stab: Distracted        |       |       |     2 ||     2
 Armour: Scale mail        |    23 |    18 |       ||    41
         Chain mail        |       |    50 |    79 ||   129
  Dodge: Dodged            |    32 |    51 |    74 ||   157
  Block: Buckler           |    14 |    33 |    35 ||    82

Table legend: (Time is in decaauts)
 A = Elapsed time spent in this place.
 B = Non-inter-level travel time spent in this place.
 C = Inter-level travel time spent in this place.
 D = Time resting spent in this place.
 E = Time spent auto-exploring this place.
 F = Levels seen in this place.
 G = Mean time per level.
                   A        B        C        D        E       F      G
               +--------+--------+--------+--------+--------+-----+--------+
         Total |   6618 |   6414 |    204 |    283 |   4755 |   9 |  735.3 |
       Dungeon |   6526 |   6322 |    204 |    283 |   4702 |   8 |  815.8 |
        Temple |     92 |     92 |      0 |      0 |     53 |   1 |   92.0 |
               +--------+--------+--------+--------+--------+-----+--------+

Top non-repeatable levels by time:
     D:6: 1346 daAuts
     D:5: 954 daAuts
     D:3: 865 daAuts
     D:1: 818 daAuts
     D:7: 734 daAuts
     D:2: 707 daAuts
     D:8: 609 daAuts
     D:4: 490 daAuts
  Temple: 92 daAuts
